Map: Lightshade LE

Players

LiquidClem (Clem) - Winner!

  • Race: Terran Terran
  • Spawn Location: 11:00

ByuN

  • Race: Terran Terran
  • Spawn Location: 5:00

Event: Cheeseadelphia Winter Championship 2021

VOD

Have the link to the VOD?

Description

Time

  • Played on: Jan. 24, 2021, 2:55 p.m.
  • Length: 13:35

All games in this series

Show
View Real Time Build Order
Export as new Build Order

LiquidClem Terran - Winner!

Build Orders:  

Get SALT Encoding   

  12  0:00  SCV  
  13  0:12  SCV  
  14  0:17  Supply Depot  
  14  0:24  SCV  
  15  0:29  Refinery  
  15  0:38  SCV  
  16  0:43  Barracks  
  16  0:50  SCV  
  16  0:54  Refinery  
  17  1:03  SCV  
  18  1:15  SCV  
  19  1:29  Reaper  
  19  1:30  Orbital Command  
  20  1:33  Factory  
  20  1:42  Supply Depot  
  20  1:55  SCV  
  21  2:01  Reaper  
  21  2:08  SCV  
  23  2:17  Hellion  
  25  2:23  Command Center  
  25  2:25  SCV  
  26  2:33  Starport  
  26  2:35  Barracks Reactor  
  26  2:40  Hellion  
  29  2:44  SCV  
  29  2:49  Supply Depot  
  29  2:56  SCV  
  30  3:02  Factory Tech Lab  
  30  3:10  SCV  
  30  3:11  Marine x2  
  33  3:17  Refinery  
  33  3:20  Siege Tank  
  33  3:22  SCV  
  33  3:25  Medivac  
  39  3:35  Orbital Command  
  39  3:36  SCV  
  39  3:40  Marine x2  
  42  3:48  Supply Depot  
  42  3:49  SCV  
  42  3:55  Cyclone  
  46  3:57  Starport Tech Lab  
  46  4:00  SCV  
  46  4:02  Marine  
  48  4:04  Marine  
  48  4:07  SCV  
  50  4:12  SCV  
  50  4:15  Raven  
  53  4:19  Supply Depot  
  53  4:20  SCV  
  54  4:24  SCV  
  53  4:31  Marine x2  
  53  4:32  SCV  
  53  4:36  Siege Tank, SCV  
  60  4:42  Supply Depot  
  60  4:44  SCV  
  61  4:48  SCV  
  61  4:56  SCV  
  61  5:01  Command Center, Raven  
  61  5:03  SCV  
  61  5:04  Refinery  
  64  5:08  SCV  
  64  5:10  Siege Tank  
  68  5:16  Marine  
  68  5:17  Supply Depot  
  68  5:18  SCV  
  70  5:26  SCV  
  71  5:30  SCV  
  71  5:33  Marine  
  71  5:34  Marine  
  74  5:38  SCV  
  74  5:42  SCV  
  75  5:45  Barracks x2  
  72  5:50  SCV  
  72  5:53  Siege Tank  
  72  5:54  SCV  
  71  6:04  SCV  
  71  6:09  Viking x2  
  71  6:10  Marine  
  73  6:15  SCV  
  74  6:23  SCV  
  74  6:24  Engineering Bay  
  75  6:26  Engineering Bay  
  75  6:27  Stimpack  
  75  6:28  Siege Tank, Marine  
  75  6:29  SCV  
  80  6:33  Barracks Reactor  
  80  6:34  Barracks Reactor  
  80  6:35  SCV  
  81  6:41  SCV  
  81  6:44  Viking  
  81  6:45  Marine  
  81  6:46  Orbital Command  
  85  6:50  SCV  
  85  6:53  SCV  
  87  6:55  Viking  
  87  6:58  Supply Depot  
  89  7:03  Siege Tank, Marine  
  89  7:06  SCV  
  94  7:11  Supply Depot, Terran Infantry Weapons Level 1  
  94  7:15  Terran Infantry Armor Level 1, SCV  
  94  7:16  SCV  
  94  7:18  SCV  
  94  7:19  Marine  
  94  7:21  Marine x2  
  94  7:22  Marine x2  
  102  7:25  Supply Depot  
  102  7:28  SCV x2  
  102  7:29  Medivac x2  
  108  7:34  Supply Depot, SCV  
  108  7:35  Refinery  
  109  7:38  Refinery  
  109  7:39  Siege Tank  
  109  7:40  SCV  
  109  7:41  Marine  
  109  7:42  Marine x2  
  114  7:52  Marine  
  114  7:58  Supply Depot, Barracks  
  115  7:59  Medivac, SCV x2  
  115  8:01  Barracks  
  115  8:02  Marine x2  
  115  8:05  Supply Depot  
  121  8:06  Marine  
  121  8:07  Medivac  
  121  8:09  SCV  
  121  8:11  Siege Tank, SCV x2  
  131  8:16  Sensor Tower  
  127  8:21  Marine  
  127  8:22  Combat Shield, Reaper  
  127  8:24  Marine x2  
  127  8:25  Marine  
  131  8:33  Command Center  
  131  8:39  Marine  
  132  8:41  Medivac  
  132  8:42  Medivac, Marine x3  
  139  8:49  Barracks Reactor x2, Factory, Supply Depot  
  139  8:54  Marine  
  140  8:57  Supply Depot, Marine  
  140  8:58  Armory  
  140  9:00  Siege Tank, Marine  
  145  9:04  Supply Depot, Marine  
  145  9:05  Supply Depot, Marine  
  145  9:06  SCV  
  145  9:08  SCV  
  149  9:10  SCV  
  149  9:15  Marine x2  
  152  9:17  Medivac x2  
  152  9:18  Marine  
  152  9:21  Supply Depot  
  152  9:23  Supply Depot, Marine  
  157  9:24  Marine  
  157  9:25  Marine  
  157  9:31  Marine  
  160  9:34  SCV  
  160  9:35  SCV x2  
  160  9:38  Siege Tank, Marine x2  
  166  9:41  Marine  
  166  9:43  Marine  
  170  9:47  SCV, Marine  
  170  9:48  Marine x2  
  174  9:55  Sensor Tower, Marine  
  174  9:58  Marine x2  
  175  10:00  Siege Tank  
  175  10:01  Barracks Reactor  
  175  10:03  Marine x2  
  175  10:05  Marine  
  181  10:10  Siege Tank, Marine x2  
  181  10:13  Marine  
  186  10:16  Viking  
  186  10:20  Marine x2  
  186  10:21  Marine x2  
  191  10:24  Marine  
  191  10:28  Marine x2  
  188  10:31  Marine  
  188  10:32  Planetary Fortress, Siege Tank  
  188  10:33  Command Center  
  194  10:38  Marine x2  
  194  10:41  Medivac  
  194  10:42  Siege Tank  
  200  10:46  Medivac  
  200  11:02  Marine  
  200  11:03  Marine x2  
  200  11:04  Siege Tank, Marine x2  
  179  11:05  Marine x2  
  179  11:08  Terran Infantry Armor Level 2, Terran Infantry Weapons Level 2  
  179  11:11  Medivac  
  187  11:14  Siege Tank, Marine x2  
  187  11:16  Medivac  
  190  11:18  Marine  
  190  11:20  Marine  
  190  11:25  Marine  
  193  11:28  Marine  
  194  11:34  Marine x3  
  194  11:35  Marine  
  197  11:41  Medivac  
  197  11:42  Siege Tank, Marine  
  197  11:43  Marine  
  197  11:46  Refinery, Viking  
  200  11:48  Command Center, Refinery  
  200  11:50  Command Center, Marine  
  200  11:56  Siege Tank  
  200  11:57  Marine  
  200  11:59  Marine x3  
  192  12:02  Marine x2  
  192  12:08  Marine x4  
  181  12:11  Viking  
  181  12:14  Siege Tank  
  181  12:15  Marine  
  177  12:16  Medivac, Marine x2  
  177  12:17  Marine  
  177  12:19  Marine x2  
  184  12:25  Marine  
  184  12:27  Starport  
  184  12:28  Starport, Siege Tank  
  188  12:31  Marine x2  
  188  12:32  Marine  
  188  12:33  Marine  
  188  12:34  Marine x2  
  194  12:40  Medivac, Marine x2  
  194  12:43  Marine x2  
  200  12:51  Planetary Fortress  
  199  13:14  Marine  
  190  13:27  Barracks  
  190  13:29  Barracks  
  190  13:33  Barracks  
Show
View Real Time Build Order
Export as new Build Order

ByuN Terran 

Build Orders: Cyclone Opening 

Get SALT Encoding   

  12  0:00  SCV  
  13  0:12  SCV  
  14  0:17  Supply Depot  
  14  0:24  SCV  
  15  0:38  SCV  
  15  0:40  Barracks  
  15  0:42  Refinery  
  16  0:51  SCV  
  16  0:53  Refinery  
  17  1:03  SCV  
  18  1:15  SCV  
  19  1:26  Reaper  
  19  1:27  Orbital Command  
  19  1:31  Supply Depot  
  20  1:41  Factory  
  20  1:53  SCV  
  21  1:59  Reaper  
  22  2:05  SCV  
  23  2:17  Command Center  
  23  2:19  SCV  
  24  2:25  Factory Tech Lab  
  24  2:31  Barracks Reactor, SCV  
  25  2:37  Supply Depot  
  25  2:44  Cyclone  
  28  2:45  SCV  
  29  2:55  Barracks  
  29  2:58  SCV  
  30  3:09  Marine x2  
  32  3:16  Cyclone, SCV  
  36  3:28  SCV, Marine x2  
  36  3:30  Orbital Command  
  39  3:40  SCV  
  39  3:47  Marine x2  
  41  3:52  SCV  
  41  3:54  Factory Reactor  
  41  3:55  Starport, SCV  
  42  3:57  Stimpack, Marine  
  44  4:05  SCV  
  44  4:07  Supply Depot  
  44  4:08  SCV  
  44  4:09  Marine x2  
  48  4:14  Marine  
  49  4:18  SCV  
  49  4:20  SCV  
  51  4:27  Marine x2  
  51  4:30  SCV  
  53  4:32  SCV  
  53  4:34  Marine  
  54  4:41  Factory Tech Lab  
  54  4:42  SCV  
  54  4:43  Supply Depot  
  54  4:44  SCV  
  56  4:49  Supply Depot  
  56  5:04  Medivac x2, Marine x2  
  62  5:08  Supply Depot  
  62  5:10  Marine  
  62  5:11  SCV x2  
  65  5:22  Marine x2  
  65  5:23  SCV x2  
  68  5:28  Marine  
  68  5:30  Supply Depot, Siege Tank  
  68  5:35  SCV x2  
  74  5:40  Marine x2  
  74  5:41  Combat Shield  
  76  5:47  SCV x2  
  66  5:50  Marine  
  66  5:57  Marine x2  
  66  6:02  Barracks, Siege Tank  
  70  6:08  Marine  
  70  6:11  SCV x2  
  65  6:14  Viking  
  65  6:15  Marine  
  63  6:23  Refinery  
  63  6:24  Refinery, Marine  
  64  6:27  SCV x2  
  64  6:29  Command Center, Marine  
  67  6:34  Siege Tank  
  67  6:39  Marine  
  71  6:42  SCV x2, Marine  
  71  6:45  Engineering Bay  
  71  6:46  Engineering Bay, Starport Reactor  
  71  6:47  Marine  
  76  6:54  SCV x2  
  76  6:55  Marine x2  
  79  7:05  Marine  
  79  7:06  SCV, Siege Tank, Marine x2  
  86  7:11  Supply Depot  
  86  7:14  SCV, Marine x2  
  89  7:18  Terran Infantry Armor Level 1, Terran Infantry Weapons Level 1, SCV  
  90  7:23  Medivac  
  90  7:26  SCV  
  93  7:30  SCV  
  93  7:32  Barracks  
  93  7:33  Barracks  
  94  7:38  SCV  
  94  7:39  Marine x2  
  94  7:40  Barracks Reactor, Marine  
  94  7:41  Orbital Command  
  94  7:42  SCV  
  99  7:50  SCV  
  86  7:51  Marine  
  86  7:54  SCV  
  86  7:57  Siege Tank, Marine x2  
  88  8:02  Marine  
  88  8:03  Medivac x2, SCV  
  94  8:06  SCV  
  94  8:10  Armory  
  94  8:11  SCV  
  96  8:15  SCV  
  96  8:16  Sensor Tower  
  96  8:19  SCV  
  98  8:21  Marine x2  
  98  8:22  Barracks Reactor, Marine x2  
  102  8:29  Refinery  
  102  8:30  SCV x2, Refinery  
  102  8:31  SCV  
  102  8:33  Medivac  
  107  8:35  Marine x3  
  107  8:38  Supply Depot  
  107  8:39  Marine x2  
  112  8:42  Medivac  
  112  8:48  Marine x2  
  116  8:53  Marine  
  116  8:54  Supply Depot  
  116  8:55  Supply Depot  
  117  8:56  Supply Depot  
  117  8:58  Barracks Reactor  
  117  8:59  Marine x3  
  120  9:03  Medivac  
  120  9:06  Marine x2  
  125  9:13  Command Center  
  127  9:21  Marine x4  
  127  9:22  Marine x2  
  127  9:23  Marine x2  
  131  9:28  Siege Tank  
  134  9:32  Factory  
  134  9:34  Supply Depot  
  134  9:35  Supply Depot  
  134  9:41  Marine x2  
  134  9:42  Marine  
  134  9:43  Marine x4  
  131  9:45  Marine  
  131  9:51  Marine x2  
  128  9:54  Command Center  
  128  9:59  Marine x3  
  130  10:00  Supply Depot, Siege Tank  
  130  10:01  Marine  
  134  10:08  Marine x2  
  134  10:10  Marine x4  
  137  10:14  Command Center  
  137  10:17  Siege Tank  
  137  10:19  Engineering Bay  
  137  10:21  Engineering Bay  
  138  10:27  Medivac, Marine  
  138  10:28  Marine x7  
  140  10:34  Medivac  
  140  10:35  Siege Tank  
  146  10:37  SCV x3  
  146  10:39  Marine x2  
  149  10:49  Terran Infantry Armor Level 2, Terran Infantry Weapons Level 2, SCV x3  
  155  10:50  Siege Tank  
  155  10:51  Marine  
  155  10:52  Marine  
  157  10:57  Medivac  
  157  11:01  SCV x3  
  132  11:04  Marine x3  
  132  11:06  Marine x5  
  132  11:09  Marine x2  
  125  11:19  Siege Tank  
  128  11:26  Marine x4  
  128  11:28  Marine  
  128  11:31  Marine x3  
  134  11:37  Marine x2  
  136  11:44  Marine x4  
  136  11:45  Marine  
  136  11:46  Siege Tank  
  141  11:47  Planetary Fortress  
  141  11:49  Marine  
  141  11:50  Marine x2  
  144  11:55  Marine x2  
  123  12:01  Marine  
  123  12:02  Marine x3  
  123  12:03  Marine  
  123  12:07  Marine  
  123  12:08  SCV, Marine x2  
  109  12:10  SCV  
  109  12:11  SCV  
  109  12:12  Marine  
  110  12:16  Marine  
  110  12:19  Marine  
  112  12:26  Marine  
  112  12:27  Marine x5  
  118  12:32  SCV x3  
  118  12:34  SCV  
  122  12:41  Liberator x2  
  122  12:42  Marine  
  122  12:43  Marine x2  
  131  12:46  SCV x2  
  131  12:47  SCV  
  134  12:52  Siege Tank  
  134  12:58  Marine x6  
  143  13:01  Marine  
  143  13:03  Marine  
  143  13:04  Marine x2  
  138  13:15  Marine  
  138  13:16  Marine x5  
Tags
 
Add a new tag
Caveats
  • Supply blocks, unpowered buildings, or Contaminate may cause inaccurate times.
  • Supply counts are checked every 10 seconds.